 Dungeon Crawl Stone Soup version 0.27.0-1-g7a089689b8 (webtiles) character file.

Game seed: 11717776410157837212

641 robertstho the Magician (level 7, -1/50 HPs)
             Began as a Djinni Fire Elementalist on Aug 17, 2021.
             Slain by a sky beast (5 damage)
             ... on level 5 of the Dungeon.
             The game lasted 00:08:56 (5902 turns).

robertstho the Magician (Djinni Fire Elementalist)  Turns: 5902, Time: 00:08:57

Health: -1/50      AC:  4    Str:  7    XL:     7   Next: 81%
Gold:   215        EV: 12    Int: 19    God:
                   SH:  0    Dex: 13

rFire    + + .     SeeInvis .   v - +0 rapier
rCold    x . .     Faith    .   (no shield)
rNeg     . . .     Spirit   .   a - +0 robe
rPois    ∞         Reflect  .   (no helmet)
rElec    .         Harm     .   y - +0 cloak
rCorr    +         Rampage  .   z - +0 pair of gloves
Will     .....                  (boots unavailable)
Stlth    ++........             (no amulet)
HPRegen  0.16/turn              l - ring of resist corrosion
MPRegen  0.00/turn              (no ring)

@: flying
A: sickness immunity, fire resistance 2, cold vulnerability 1, float, innate
caster, hp casting, extra vitality 1
a: no special abilities


You were on level 5 of the Dungeon.
You visited 1 branch of the dungeon, and saw 5 of its levels.

You collected 215 gold pieces.

Inventory:

Hand Weapons
 b - a +0 dagger
 v - a +0 rapier (weapon)
Armour
 a - a +0 robe (worn)
 y - a +0 cloak (worn)
 z - a +0 pair of gloves (worn)
Jewellery
 l - a ring of resist corrosion (left hand)
 u - a ring of protection from cold
Scrolls
 e - a scroll of immolation {unknown}
 j - 2 scrolls of identify
 k - a scroll of enchant weapon {unknown}
 m - a scroll of vulnerability
 q - a scroll of magic mapping {unknown}
 r - a scroll of acquirement {unknown}
 s - a scroll of amnesia {unknown}
 t - a scroll of torment {unknown}
 w - a scroll of enchant armour {unknown}
Potions
 c - a potion of flight {unknown}
 d - 2 potions of cancellation {unknown}
 f - a potion of heal wounds {unknown}
 g - a potion of berserk rage
 h - a potion of might {unknown}
 i - a potion of curing
 n - a potion of mutation {unknown}
 o - a potion of haste {unknown}
 p - a potion of attraction {unknown}
 x - 2 potions of magic {unknown}


   Skills:
 * Level 3.0 Fighting
 + Level 0.1 Short Blades
 + Level 2.7 Dodging
 + Level 2.2 Stealth
 * Level 5.7 Spellcasting


You couldn't memorise any spells.
You knew the following spells:

 Your Spells              Type           Power      Damage    Failure   Level
a - Foxfire               Conj/Fire      100%       2x1d9     1%          1
b - Conjure Flame         Conj/Fire      27%        6-21      3%          3
c - Inner Flame           Hex/Fire       27%        N/A       3%          3
d - Sticky Flame          Conj/Fire      27%        2d5       11%         4
e - Fireball              Conj/Fire      13%        3d7       30%         5
f - Magic Dart            Conj           100%       1d8       1%          1
g - Ensorcelled Hibernat  Hex/Ice        54%        N/A       1%          2
h - Swiftness             Air            27%        N/A       3%          3
Your spell library was empty.

Dungeon Overview and Level Annotations

Branches:
Dungeon (5/15)
 Temple: D:4-7

Altars:
Dithmenos
Fedhas
Ru
Xom
Yredelemnul
Zin


Innate Abilities, Weirdness & Mutations

You are immune to sickness and miasma.
You are immune to poison.
Your flesh is very heat resistant. (rF++)
You are vulnerable to cold. (rC-)
You float through the air rather than walking.
You learn spells naturally, not from books.
Your magical power is your life essence.
You have superior vitality. (+4 HP)


Message History

Press: ? - help, Q - select action, (/) - cycle Dir - look around, f - activate You conjure some foxfire!
The iguana hisses angrily.
A sky beast appears from thin air!
Reactivating autopickup.
Casting: Foxfire (safe; 1% risk of failure)
Press: ? - help, Q - select action, (/) - cycle Dir - look around, f - activate You conjure some foxfire!
The foxfire hits the ogre but does no damage.
The ogre hits you with a +0 giant club!
Unknown command.
Casting: Foxfire (safe; 1% risk of failure)
Press: ? - help, Q - select action, (/) - cycle Dir - look around, f - activate You conjure some foxfire!
The foxfire hits the ogre.
The ogre is lightly wounded.
The foxfire hits the ogre.
The ogre is lightly wounded.
The foxfire hits the ogre!
The ogre is heavily wounded.
The ogre hits you with a +0 giant club!
* * * LOW HITPOINT WARNING * * *
Unknown command.
The foxfire hits the ogre.
The ogre is heavily wounded.
Unknown command.
The sky beast hits you but does no damage.
Casting: Foxfire (safe; 1% risk of failure)
Confirm with . or Enter, or press ? or * to list all spells.
Aiming: Sticky Flame (dangerous; 11% risk of failure)
Press: ? - help, Shift-Dir - straight line, f - ogre
Aim: an ogre, wielding a +0 giant club (heavily wounded, 100% to hit)
The sticky flame hits the ogre.
The ogre is severely wounded.
The ogre is covered in liquid flames!
* * * LOW HITPOINT WARNING * * *
The ogre burns!
The sky beast hits you.
* * * LOW HITPOINT WARNING * * *
The sky beast shocks you.
You die...

..........
#.......(..
#........?..
#............
#......(.....#
#.l).........#
#!........[..#
#.OY.........#
#.@..........#
#............#
#............#
#.......##.##
######..# .#
##.##.# #..#.#
##.#.# #...#


You could see a sky beast, an ogre (burning) and an iguana.

Vanquished Creatures
  Eustachio (D:4)
  A water moccasin zombie (D:5)
  A water moccasin skeleton (D:5)
  A howler monkey (D:4)
  Crazy Yiuf (D:4)
  A hound (D:4)
  An iguana (D:4)
  Natasha (thrice) (D:3)
  2 orc wizards (D:4)
  4 adders
  An adder skeleton (D:4)
  2 worms
  4 dart slugs
  16 orcs
  7 bats (D:1)
  6 endoplasms
  2 giant cockroaches (D:1)
  6 goblins
  5 hobgoblins
  4 jackals (D:2)
  12 kobolds
  6 quokkas
  6 ball pythons
  2 frilled lizards
  7 rats
102 creatures vanquished.

Vanquished Creatures (others)
  438 foxfires
438 creatures vanquished.

Grand Total: 540 creatures vanquished

Notes
Turn   | Place    | Note
-------+----------+-------------------------------------------
     0 | D:1      | robertstho the Djinni Fire Elementalist began the quest for
                  | the Orb.
     0 | D:1      | Reached XP level 1. HP: 15/15 MP: 0/0
   131 | D:1      | Reached XP level 2. HP: 11/21 MP: 0/0
   976 | D:1      | Reached skill level 3 in Spellcasting
   977 | D:1      | Reached XP level 3. HP: 21/25 MP: 0/0
   977 | D:1      | Learned a level 1 spell: Magic Dart
  2090 | D:2      | Reached XP level 4. HP: 23/31 MP: 0/0
  2529 | D:2      | Found a faded altar of an unknown god.
  2687 | D:2      | Reached skill level 1 in Fighting
  2934 | D:3      | Noticed Natasha
  2941 | D:3      | Killed Natasha
  2976 | D:3      | Noticed Natasha
  2984 | D:3      | Killed Natasha
  2985 | D:3      | Reached XP level 5. HP: 19/38 MP: 0/0
  2985 | D:3      | Learned a level 2 spell: Ensorcelled Hibernation
  3329 | D:3      | Noticed Natasha
  3337 | D:3      | Killed Natasha
  3744 | D:3      | Reached skill level 4 in Spellcasting
  3976 | D:3      | Reached XP level 6. HP: 43/44 MP: 0/0
  4094 | D:3      | Found a shimmering altar of Xom.
  4094 | D:3      | Found a glowing silver altar of Zin.
  4094 | D:3      | Found a basalt altar of Yredelemnul.
  4094 | D:3      | Found a shadowy altar of Dithmenos.
  4101 | D:3      | Found a blossoming altar of Fedhas.
  4101 | D:3      | Found a sacrificial altar of Ru.
  5126 | D:4      | Found a runed translucent door.
  5127 | D:4      | Noticed Crazy Yiuf
  5167 | D:4      | Reached XP level 7. HP: 42/49 MP: 0/0
  5167 | D:4      | Learned a level 3 spell: Swiftness
  5242 | D:4      | Noticed Eustachio
  5250 | D:4      | Killed Eustachio
  5251 | D:4      | Reached skill level 5 in Spellcasting
  5520 | D:4      | Killed Crazy Yiuf
  5683 | D:5      | Entered Level 5 of the Dungeon
  5902 | D:5      | Slain by a sky beast

Illustrated notes

Levels and vault maps discovered:
D:1:      lemuel_arrival_room, layout_basic, minmay_pentomino_s2
D:2:      layout_loops_ring, hellmonk_ecumenical_altar_arch_garden,
          minmay_misc_feat_diagonals, minmay_misc_feat_square,
          hangedman_glass_teeth
D:3:      layout_rooms, minmay_overflow_temple_hex, kennysheep_potato,
          uniq_natasha
D:4:      layout_basic, uniq_crazy_yiuf_cottage, uniq_eustachio
D:5:      layout_basic, minivault_19, uniq_sigmund, uniq_menkaure

Skill      XL: |  1  2  3  4  5  6  7 |
---------------+----------------------+-----
Spellcasting   | 3 4 5 |  5.7
Fighting       | 2 3 |  3.0
Stealth        | 2 |  2.2
Short Blades   | |  0.1
Dodging        | |  2.7

Action                   |  1- 3 |  4- 6 |  7- 9 || total
-------------------------+-------+-------+-------++-------
Melee: Unarmed           |     1 |       |       ||     1
       Dagger            |    18 |     4 |       ||    22
       Rapier            |       |       |    14 ||    14
 Cast: Foxfire           |    88 |   165 |    20 ||   273
       Sticky Flame      |       |     5 |     3 ||     8
       Ensorcelled Hiber |       |     1 |       ||     1
  Use: Potion            |       |     3 |       ||     3
       Scroll            |       |     2 |       ||     2
 Stab: Sleeping          |       |       |     1 ||     1
Armor: Robe              |    13 |     3 |     7 ||    23
Dodge: Dodged            |    18 |    15 |    10 ||    43
